 Dungeon Crawl Stone Soup version 0.18-a0-1040-g4865665 (webtiles) character file.

32 Reinor the Gusty (level 3, -1/19 HPs)
             Began as a Tengu Air Elementalist on Jan 10, 2016.
             Slain by Crazy Yiuf
             ... wielding a +4 quarterstaff of chaos
              (3 damage)
             ... on level 2 of the Dungeon.
             The game lasted 00:07:58 (933 turns).

Reinor the Gusty (Tengu Air Elementalist)            Turns: 933, Time: 00:07:58

Health: -1/19      AC:  2    Str:  8    XL:     3   Next: 27%
Magic:  7/7        EV: 12    Int: 16    God:
Gold:   47         SH:  0    Dex: 14    Spells: 1 memorised, 5 levels left

rFire  . . .     SeeInvis .     d - +4 dagger
rCold  . . .     Gourm    .     a - +0 robe
rNeg   . . .     Faith    .     (no shield)
rPois  .         Spirit   .     (helmet restricted)
rElec  .         Dismiss  .     (no cloak)
rCorr  .         Reflect  .     (no gloves)
SustAt .         Harm     .     (boots unavailable)
MR     .....                    (no amulet)
Stlth  ++........               (no ring)
                                (no ring)

@: not resistant to hostile enchantments, unstealthy
A: beak, talons 3
a: no special abilities


You were on level 2 of the Dungeon.
You were not hungry.

You visited 1 branch of the dungeon, and saw 2 of its levels.

You collected 47 gold pieces.

Inventory:

Hand Weapons
 d - a +4 dagger (weapon)
Armour
 a - a +0 robe (worn)
Scrolls
 e - a scroll of blinking {unknown}
 j - 2 scrolls of remove curse {unknown}
Potions
 g - a potion of heal wounds {unknown}
 h - a potion of haste {unknown}
Books
 b - a book of Air

   Spells                             Type                      Level
   a - Shock                          Conjuration/Air              1
   b - Swiftness                      Charms/Air                   2
   c - Repel Missiles                 Charms/Air                   2
   d - Static Discharge               Conjuration/Air              3
   e - Lightning Bolt                 Conjuration/Air              5
Comestibles
 c - 2 bread rations
 f - a beef jerky
 k - 3 fruits


   Skills:
 - Level 2.1 Dodging
 - Level 2.0 Stealth
 - Level 2.0 Spellcasting
 - Level 1.3 Conjurations
 + Level 5.7 Air Magic


You had 5 spell levels left.
You knew the following spells:

 Your Spells              Type           Power        Failure   Level  Hunger
a - Shock                 Conj/Air       ##..         6%          1    #......


Dungeon Overview and Level Annotations

Branches:
Dungeon (2/15)

Altars:
Nemelex Xobeh

Annotations:
D:2 Crazy Yiuf


Innate Abilities, Weirdness & Mutations

You have a beak for a mouth.
You have claws for feet.


Message History

Crazy Yiuf screams, "Buddy spinner cower!"
Crazy Yiuf says, "Walk meccalolo senile!"
Casting: Shock
Confirm with . or Enter, or press ? or * to list all spells.
Aiming: Shock
Press: ? - help, Shift-Dir - straight line, f/p - Crazy Yiuf
Aim: Crazy Yiuf, wielding a quarterstaff of chaos and wearing a cloak
Okay, then.
Casting: Shock
Confirm with . or Enter, or press ? or * to list all spells.
Okay, then.
Crazy Yiuf grits, "Two agre poople!"
Crazy Yiuf says, "Whiteboard King sanguine!"
Crazy Yiuf screams, "Liver Orb Guardian toodlewoodle!"
Crazy Yiuf cries, "Powder!"
Crazy Yiuf flaps his cloak.
Crazy Yiuf hits you with a quarterstaff of chaos!
* * * LOW HITPOINT WARNING * * *
Crazy Yiuf burns you.
You die...

#####.###....#
#............####
#...........[.... #..<†.....#
#... #.........# ...#
###############.##..#
#...................#
#...........###g.######..
#......†...####@.###>...#
########..##.........#
##....##...#..... ##........##
#... ###.>......##########♣♣
#...##.###..........+P♣♣
##.###..................♣♣♣♣
####.....................PP.♣..
#.....####..............+P.♣.♣♣


You could see Crazy Yiuf.

Vanquished Creatures
  An adder (D:2)
  3 giant geckos
  3 giant cockroaches
  4 hobgoblins (D:1)
  3 bats (D:1)
  2 giant newts (D:1)
  A kobold (D:1)
  3 rats
  A fungus (D:2)
21 creatures vanquished.

Notes
Turn   | Place    | Note
--------------------------------------------------------------
     0 | D:1      | Reinor the Tengu Air Elementalist began the quest for the Orb.
     0 | D:1      | Reached XP level 1. HP: 10/10 MP: 4/4
   305 | D:1      | Found a sparkling altar of Nemelex Xobeh.
   390 | D:1      | Reached XP level 2. HP: 15/15 MP: 6/6
   555 | D:1      | Reached skill level 5 in Air Magic
   716 | D:2      | Reached XP level 3. HP: 17/19 MP: 7/7
   789 | D:2      | Noticed Crazy Yiuf
   933 | D:2      | Slain by Crazy Yiuf

Vault maps used:
D:1:      moated_graveyard_arrival, minmay_fountain_box,
          kennysheep_decorative_pillar, minivault_5,
          nemelex_diamond_rough_becter
D:2:      uniq_crazy_yiuf_cottage, uniq_robin

Action                   || total
-------------------------++-------
Melee: Dagger            ||    30
 Cast: Shock             ||    19
 Stab: Sleeping          ||     4
